PCL
SPOKANE TRAPPERS @ REDWOOD CITY REDWOODS
08/21/2025
 
TOP OF THE 1ST
Spokane Trappers batting - Pitching for Redwood City Redwoods : RHP Manuel Mora
Pitching: RHP Manuel Mora
Batting: LHB José Feliciano 0-0: Ball
1-0: Called Strike
1-1: Ball
2-1: Foul Ball, location: 2F
2-2: Fly out, F8 (Flyball, 8LXD)
Batting: RHB Clyde Kelley 0-0: Ball
1-0: SINGLE (Line Drive, 6D)
Batting: LHB Jaime Padilla 0-0: Called Strike
Clyde Kelley steals 2nd base
0-1: SINGLE (Groundball, 13) (infield hit)
Clyde Kelley to third
Batting: RHB Ramiro Ross 0-0: Ground out 5-3 (Groundball, 56S)
Clyde Kelley scores
Jaime Padilla to second
Batting: LHB Pete Carter 0-0: Ball
1-0: Ground out U3 (Groundball, 3)
Top of the 1st over - 1 run(s), 2 hit(s), 0 error(s), 1 left on base; Spokane 1 - Redwood City 0
BOTTOM OF THE 1ST
Redwood City Redwoods batting - Pitching for Spokane Trappers : RHP Arthur Green
Pitching: RHP Arthur Green
Batting: LHB Héctor Flores 0-0: Ball
1-0: Ball
2-0: Swinging Strike
2-1: Foul Ball, location: 2F
2-2: SINGLE (Line Drive, 4MD)
Batting: LHB Glen Martin 0-0: Fly out, F9 (Flyball, 89M)
Batting: LHB Alfonso Montoya 0-0: Ball
1-0: Called Strike
1-1: Foul Ball, location: 2F
1-2: Fly out, F7 (Flyball, 78D)
Batting: RHB Dan Martin 0-0: Called Strike
0-1: Ball
1-1: Swinging Strike
1-2: Strikes out swinging
Bottom of the 1st over - 0 run(s), 1 hit(s), 0 error(s), 1 left on base; Spokane 1 - Redwood City 0
TOP OF THE 2ND
Spokane Trappers batting - Pitching for Redwood City Redwoods : RHP Manuel Mora
Batting: RHB Félix Tremblay 0-0: Ball
1-0: Ball
2-0: Ball
3-0: Called Strike
3-1: Foul Ball, location: 2F
3-2: Fly out, F6 (Popup, 6)
Batting: LHB Fernando Pérez 0-0: Called Strike
0-1: Called Strike
0-2: Ball
1-2: Ball
2-2: Foul Ball, location: 2F
2-2: Ball
3-2: Fly out, F9 (Line Drive, 9M)
Batting: RHB John Craig 0-0: Ground out U3 (Groundball, 3S)
Top of the 2nd over - 0 run(s), 0 hit(s), 0 error(s), 0 left on base; Spokane 1 - Redwood City 0
BOTTOM OF THE 2ND
Redwood City Redwoods batting - Pitching for Spokane Trappers : RHP Arthur Green
Batting: LHB Nicholas Alston 0-0: Ball
1-0: Ball
2-0: Called Strike
2-1: Foul Ball, location: 2F
2-2: Fly out, F8 (Line Drive, 8RXD)
Batting: RHB William Parker 0-0: Ball
1-0: Called Strike
1-1: SINGLE (Groundball, 4M)
Batting: RHB Anastasio García 0-0: Ball
1-0: Ball
2-0: Foul Ball, location: 2F
2-1: Ball
3-1: Grounds into double play, 6-4-3 (Groundball, 6)
Bottom of the 2nd over - 0 run(s), 1 hit(s), 0 error(s), 0 left on base; Spokane 1 - Redwood City 0
TOP OF THE 3RD
Spokane Trappers batting - Pitching for Redwood City Redwoods : RHP Manuel Mora
Batting: RHB Pedro Rodríguez 0-0: Ball
1-0: Ball
2-0: Ball
3-0: Called Strike
3-1: Base on Balls
Batting: LHB José Feliciano 0-0: Ball
1-0: SINGLE (Line Drive, 56D)
Pedro Rodríguez to second
Batting: RHB Clyde Kelley 0-0: Ball
1-0: Called Strike
1-1: Ball
2-1: Ball
3-1: Foul Ball, location: 2F
3-2: Fly out, F8 (Flyball, 8RM)
Batting: LHB Jaime Padilla 0-0: Ball
1-0: Called Strike
1-1: Foul Ball, location: 2F
1-2: Grounds into double play, 4-6-3 (Groundball, 34)
Top of the 3rd over - 0 run(s), 1 hit(s), 0 error(s), 1 left on base; Spokane 1 - Redwood City 0
BOTTOM OF THE 3RD
Redwood City Redwoods batting - Pitching for Spokane Trappers : RHP Arthur Green
Batting: LHB Juan Hernández 0-0: Swinging Strike
0-1: Ball
1-1: Ball
2-1: Ground out 4-3 (Groundball, 4)
Batting: RHB Fu Tse 0-0: Ball
1-0: Foul Ball, location: 2F
1-1: Ball
2-1: Ball
3-1: Base on Balls
Batting: LHB Héctor Flores 0-0: Ball
1-0: Ball
2-0: Foul Ball, location: 2F
2-1: Fielders Choice at 2nd, 1-6 (Groundball, 15S)
Batting: LHB Glen Martin 0-0: Called Strike
Héctor Flores is caught stealing 2nd base
Bottom of the 3rd over - 0 run(s), 0 hit(s), 0 error(s), 0 left on base; Spokane 1 - Redwood City 0
TOP OF THE 4TH
Spokane Trappers batting - Pitching for Redwood City Redwoods : RHP Manuel Mora
Batting: RHB Ramiro Ross 0-0: Ball
1-0: Ball
2-0: Ground out 5-3 (Groundball, 56)
Batting: LHB Pete Carter 0-0: Called Strike
0-1: Foul Ball, location: 2F
0-2: Ball
1-2: Ball
2-2: Ball
3-2: Strikes out swinging
Batting: RHB Félix Tremblay 0-0: Ball
1-0: Foul Ball, location: 2F
1-1: Fly out, F9 (Line Drive, 9LS)
Top of the 4th over - 0 run(s), 0 hit(s), 0 error(s), 0 left on base; Spokane 1 - Redwood City 0
BOTTOM OF THE 4TH
Redwood City Redwoods batting - Pitching for Spokane Trappers : RHP Arthur Green
Batting: LHB Glen Martin 0-0: Called Strike
0-1: Ball
1-1: Foul Ball, location: 2F
1-2: Foul Ball, location: 2F
1-2: Strikes out looking
Batting: LHB Alfonso Montoya 0-0: DOUBLE (Line Drive, 9LM)
Batting: RHB Dan Martin 0-0: Ball
1-0: Ball
2-0: SINGLE (Groundball, 56D)
Alfonso Montoya to third
Runner from 3rd tries for Home, throw and OUT!
Batting: LHB Nicholas Alston 0-0: Ball
1-0: Called Strike
1-1: DOUBLE (Line Drive, 89M)
Dan Martin to third
Batting: RHB William Parker 0-0: Ball
1-0: Called Strike
1-1: Ball
2-1: Ball
3-1: Foul Ball, location: 2F
3-2: Foul Ball, location: 2F
3-2: Foul Ball, location: 2F
3-2: Foul Ball, location: 2F
3-2: Base on Balls
Batting: RHB Anastasio García 0-0: SINGLE (Groundball, 25) (infield hit)
Dan Martin scores
Nicholas Alston to third
William Parker to second
Batting: LHB Juan Hernández 0-0: Called Strike
0-1: Called Strike
0-2: Ball
1-2: Ball
2-2: Ball
3-2: Foul Ball, location: 2F
3-2: SINGLE (Line Drive, 9M)
Nicholas Alston scores
William Parker to third
Anastasio García to second
William Parker scores
Anastasio García to third
Batting: RHB Fu Tse 0-0: Ball
1-0: Foul Ball, location: 2F
1-1: Ball
2-1: Ball
3-1: Ground out 2-3 (Groundball, 25)
Bottom of the 4th over - 3 run(s), 5 hit(s), 0 error(s), 2 left on base; Spokane 1 - Redwood City 3
TOP OF THE 5TH
Spokane Trappers batting - Pitching for Redwood City Redwoods : RHP Manuel Mora
Batting: LHB Fernando Pérez 0-0: Called Strike
0-1: Ball
1-1: Called Strike
1-2: Ball
2-2: DOUBLE (Line Drive, 9LS)
Batting: RHB John Craig 0-0: Ball
1-0: Ball
2-0: Ball
3-0: Called Strike
3-1: Base on Balls
Batting: RHB Pedro Rodríguez 0-0: Called Strike
0-1: Ball
1-1: Grounds into double play, 4-6-3 (Groundball, 4)
Fernando Pérez to third
Batting: LHB José Feliciano 0-0: Foul Ball, location: 2F
0-1: Ball
1-1: Swinging Strike
1-2: Fly out, F3 (Popup, 2R)
Top of the 5th over - 0 run(s), 1 hit(s), 0 error(s), 1 left on base; Spokane 1 - Redwood City 3
BOTTOM OF THE 5TH
Redwood City Redwoods batting - Pitching for Spokane Trappers : RHP Arthur Green
Batting: LHB Héctor Flores 0-0: Ball
1-0: Reached on error, E4 (Groundball, 4)
Batting: LHB Glen Martin 0-0: Ball
1-0: Swinging Strike
1-1: Foul Ball, location: 2F
1-2: Ball
2-2: Strikes out looking
Batting: LHB Alfonso Montoya 0-0: Called Strike
0-1: Ball
1-1: Ball
2-1: Called Strike
2-2: Foul Ball, location: 2F
2-2: SINGLE (Line Drive, 4M)
Héctor Flores to second
Batting: RHB Dan Martin 0-0: Foul Ball, location: 2F
0-1: Ball
1-1: Foul Ball, location: 2F
1-2: Foul Ball, location: 2F
1-2: Ball
2-2: Strikes out swinging
Batting: LHB Nicholas Alston 0-0: Called Strike
0-1: Swinging Strike
0-2: Foul Ball, location: 2F
0-2: Ball
1-2: Strikes out looking
Bottom of the 5th over - 0 run(s), 1 hit(s), 1 error(s), 2 left on base; Spokane 1 - Redwood City 3
TOP OF THE 6TH
Spokane Trappers batting - Pitching for Redwood City Redwoods : RHP Manuel Mora
Batting: RHB Clyde Kelley 0-0: Ball
1-0: Ball
2-0: Called Strike
2-1: Foul Ball, location: 2F
2-2: Ball
3-2: Base on Balls
Batting: LHB Jaime Padilla 0-0: Called Strike
0-1: Fly out, F5 (Line Drive, 56)
Batting: RHB Ramiro Ross 0-0: Called Strike
0-1: Called Strike
0-2: DOUBLE (Line Drive, 78M)
Clyde Kelley to third
Batting: LHB Pete Carter 0-0: Called Strike
0-1: Ground out 1-3 (Groundball, 13S)
Batting: RHB Félix Tremblay 0-0: Ball
1-0: Called Strike
1-1: Ball
2-1: Fly out, F9 (Flyball, 9LS)
Top of the 6th over - 0 run(s), 1 hit(s), 0 error(s), 2 left on base; Spokane 1 - Redwood City 3
BOTTOM OF THE 6TH
Redwood City Redwoods batting - Pitching for Spokane Trappers : RHP Arthur Green
Batting: RHB William Parker 0-0: Foul Ball, location: 2F
0-1: Fly out, F6 (Line Drive, 6M)
Pitching: RHP César Rodríguez
Batting: RHB Anastasio García 0-0: Ball
1-0: Ball
2-0: Foul Ball, location: 2F
2-1: DOUBLE (Line Drive, 7LM)
Batting: LHB Juan Hernández 0-0: Ball
1-0: Swinging Strike
1-1: Ball
2-1: Ball
3-1: Swinging Strike
3-2: Fly out, F9 (Flyball, 89M)
Batting: RHB Fu Tse 0-0: Ball
Wild Pitch!
Anastasio García to third
1-0: Fly out, F9 (Line Drive, 9S)
Bottom of the 6th over - 0 run(s), 1 hit(s), 0 error(s), 1 left on base; Spokane 1 - Redwood City 3
TOP OF THE 7TH
Spokane Trappers batting - Pitching for Redwood City Redwoods : RHP Manuel Mora
Batting: LHB Fernando Pérez 0-0: SINGLE (Groundball, 4MD)
Batting: RHB John Craig 0-0: Swinging Strike
Fernando Pérez steals 2nd base
0-1: Ball
1-1: Ball
2-1: Ball
3-1: Base on Balls
Batting: RHB Pedro Rodríguez 0-0: Sac Bunt - play at first, batter OUT! 1-3
Fernando Pérez to third
John Craig to second
Batting: LHB José Feliciano 0-0: Called Strike
0-1: Ground out 6-3 (Groundball, 6M)
Fernando Pérez scores
John Craig to third
Batting: RHB Clyde Kelley 0-0: Ball
1-0: DOUBLE (Line Drive, 7LM)
John Craig scores
Pitching: LHP Haywood Brown
Batting: LHB Jaime Padilla 0-0: Fly out, F8 (Flyball, 8LXD)
Top of the 7th over - 2 run(s), 2 hit(s), 0 error(s), 1 left on base; Spokane 3 - Redwood City 3
BOTTOM OF THE 7TH
Redwood City Redwoods batting - Pitching for Spokane Trappers : RHP César Rodríguez
Batting: LHB Héctor Flores 0-0: Ball
1-0: Called Strike
1-1: Ball
2-1: Called Strike
2-2: Strikes out looking
Batting: LHB Glen Martin 0-0: Ball
1-0: Foul Ball, location: 2F
1-1: Ball
2-1: Ball
3-1: Ground out 6-3 (Groundball, 6M)
Batting: LHB Alfonso Montoya 0-0: Called Strike
0-1: Foul Ball, location: 2F
0-2: Ball
1-2: Foul Ball, location: 2F
1-2: Foul Ball, location: 2F
1-2: Foul Ball, location: 2F
1-2: Foul Ball, location: 2F
1-2: Ball
2-2: Ball
3-2: Foul Ball, location: 2F
3-2: Base on Balls
Pitching: RHP Marcos Rivera
Pinch Hitting: LHB Tony Warrilow 0-0: Ball
Alfonso Montoya steals 2nd base
1-0: SINGLE (Flyball, 8LS)
Alfonso Montoya to third
Runner from 3rd tries for Home, SAFE, no throw or cutoff
Batting: LHB Nicholas Alston 0-0: Called Strike
0-1: SINGLE (Line Drive, 4MD)
Tony Warrilow to second
Pinch Runner at 2nd Yataro Abe:
Batting: RHB William Parker 0-0: Called Strike
0-1: Ball
1-1: Ball
2-1: Called Strike
2-2: Strikes out swinging
Bottom of the 7th over - 1 run(s), 2 hit(s), 0 error(s), 2 left on base; Spokane 3 - Redwood City 4
TOP OF THE 8TH
Spokane Trappers batting - Pitching for Redwood City Redwoods : LHP Haywood Brown
Pitching: RHP William Simpson
Now at SS: Yataro Abe
Batting: RHB Ramiro Ross 0-0: Called Strike
0-1: Ground out 6-3 (Groundball, 6M)
Batting: LHB Pete Carter 0-0: Ball
1-0: SINGLE (Groundball, 34)
Pinch Runner at 1st Juan Viera:
Pinch Hitting: LHB Melvin White 0-0: SINGLE (Groundball, 34)
Juan Viera to second
Runner from 2nd tries for 3rd, SAFE, no throw or cutoff
Batting: LHB Fernando Pérez 0-0: Ball
1-0: Ball
2-0: Called Strike
2-1: Ball
3-1: Base on Balls
Melvin White to second
Batting: RHB John Craig 0-0: Foul Ball, location: 2F
0-1: Ball
1-1: Grounds into double play, 6-4-3 (Groundball, 6)
Top of the 8th over - 0 run(s), 2 hit(s), 0 error(s), 2 left on base; Spokane 3 - Redwood City 4
BOTTOM OF THE 8TH
Redwood City Redwoods batting - Pitching for Spokane Trappers : RHP Marcos Rivera
Now in LF: Rodrigo Gallegos
Now in CF: Juan Viera
Batting: RHB Anastasio García 0-0: Ball
1-0: SINGLE (Groundball, 4M)
Batting: LHB Juan Hernández 0-0: Sac Bunt - play at first, batter OUT! 5-4
Anastasio García to second
Batting: RHB Fu Tse 0-0: Foul Ball, location: 2F
0-1: SINGLE (Line Drive, 34)
Anastasio García to third
Batting: LHB Héctor Flores 0-0: Called Strike
0-1: Ball
1-1: Ball
2-1: Foul Ball, location: 2F
2-2: Strikes out swinging
Batting: LHB Glen Martin 0-0: Called Strike
0-1: Fly out, F7 (Flyball, 7M)
Bottom of the 8th over - 0 run(s), 2 hit(s), 0 error(s), 2 left on base; Spokane 3 - Redwood City 4
TOP OF THE 9TH
Spokane Trappers batting - Pitching for Redwood City Redwoods : RHP William Simpson
Pitching: LHP George Owens
Now at C: Orlando Santos
Now at 1B: Carlos Gonzáles
Now in CF: River Wilson
Batting: RHB Pedro Rodríguez 0-0: SINGLE (Line Drive, 7S)
Pinch Hitting: RHB Jeremy Carr 0-0: Bunted foul
0-1: Bunted foul
0-2: Ball
1-2: Strikes out swinging
Batting: RHB Clyde Kelley 0-0: Fly out, F2 (Popup, 23F)
Batting: LHB Jaime Padilla 0-0: Ball
1-0: Called Strike
1-1: Fly out, F7 (Flyball, 7M)
Top of the 9th over - 0 run(s), 1 hit(s), 0 error(s), 1 left on base; Spokane 3 - Redwood City 4
This league is powered by Out of the Park Baseball, the baseball management simulation game for PC, Mac and Linux
Tuesday, August 2nd, 2016 - OOTP Baseball 16.8 Build 38